 Dungeon Crawl Stone Soup version 0.19-a0-376-gf780d9b (webtiles) character file.

14906 mistymad the Covert (level 11, -1/89 HPs)
             Began as a Vampire Enchanter on May 30, 2016.
             Was a Believer of Ashenzari.
             Slain by a death yak simulacrum (41 damage)
             ... in an ice cave.
             The game lasted 00:49:36 (13800 turns).

mistymad the Covert (Vampire Enchanter)            Turns: 13800, Time: 00:49:37

Health: -1/89      AC: 11    Str:  7    XL:     11   Next: 94%
Magic:  4/21       EV: 19    Int: 23    God:    Ashenzari [**....]
Gold:   528        SH:  0    Dex: 21    Spells: 5 memorised, 11 levels left

rFire  + . .     SeeInvis +     u - +1 dagger (venom)
rCold  . . .     Gourm    .     x - +2 robe of Vost {rC- MR+++ Int+4 Dex+4}
rNeg   + + .     Faith    .     (no shield)
rPois  +         Spirit   .     y - +0 helmet
rElec  .         Dismiss  .     e - +0 cloak
rCorr  .         Reflect  .     (no gloves)
SustAt .         Harm     .     H - +2 pair of boots (curse)
MR     ++++.                    (no amulet)
Stlth  ++++++....               F - ring of protection from fire
                                A - +2 ring of protection

@: regenerating slowly, incredibly resistant to hostile enchantments, very
stealthy
A: fangs 3, see invisible, unbreathing
a: Bat Form, Curse Item, Scrying, Renounce Religion


You were in an ice cave.
You worshipped Ashenzari.
Ashenzari was pleased with you.
You were thirsty.

You visited 4 branches of the dungeon, and saw 14 of its levels.
You also visited: Ice Cave.

You collected 726 gold pieces.
You spent 198 gold pieces at shops.

Inventory:

Hand Weapons
 u - a +1 dagger of venom (weapon)
 J - a +2 dagger of pain
Missiles
 E - a throwing net (quivered)
Armour
 e - a +0 cloak (worn)
 x - the +2 robe of Vost (worn) {rC- MR+++ Int+4 Dex+4}
   (You found it on level 5 of the Dungeon)

   It affects your intelligence (+4).
   It affects your dexterity (+4).
   It makes you vulnerable to cold.
   It affects your resistance to hostile enchantments.
 y - a +0 helmet (worn)
 H - a cursed +2 pair of boots (worn)
Jewellery
 a - an uncursed ring of fire
 A - a +2 ring of protection (left hand)
 F - a ring of protection from fire (right hand)
Wands
 C - a wand of lightning (8/15)
 K - a wand of flame (21/48)
Scrolls
 f - 2 scrolls of magic mapping {unknown}
 k - 2 scrolls of remove curse
 l - 2 scrolls of blinking {unknown}
 m - 2 scrolls of enchant weapon {unknown}
 o - 4 scrolls of enchant armour {unknown}
 p - 2 scrolls of immolation {unknown}
 s - 3 scrolls of identify {unknown}
 v - 2 scrolls of amnesia {unknown}
 z - 4 scrolls of random uselessness {unknown}
 D - a scroll of summoning {unknown}
 I - a scroll of fog {unknown}
 L - a scroll of brand weapon {unknown}
 O - a scroll of teleportation {unknown}
Potions
 b - a potion of experience {unknown}
 d - 27 potions of blood
 g - 3 potions of curing
 h - a potion of heal wounds {unknown}
 i - 2 potions of might {unknown}
 j - 2 potions of agility {unknown}
 n - 3 potions of berserk rage {unknown}
 r - 2 potions of haste {unknown}
 t - 2 potions of lignification {unknown}
 w - 2 potions of magic {unknown}
 B - a potion of brilliance {unknown}
 M - a potion of flight {unknown}
 N - a potion of cancellation {unknown}


   Skills:
 * Level 9.6 Fighting
 + Level 8.3 Short Blades
 + Level 8.2 Dodging
 + Level 12.1 Stealth
 + Level 6.9 Spellcasting
 + Level 11.6 Hexes


You had 11 spell levels left.
You knew the following spells:

 Your Spells              Type           Power        Failure   Level  Hunger
a - Corona                Hex            ######.      1%          1    None
b - Ensorcelled Hibernat  Hex/Ice        ####..       1%          2    None
c - Confuse               Hex            ######..     1%          3    None
d - Tukima's Dance        Hex            ######..     1%          3    None
e - Dazzling Spray        Conj/Hex       ####..       1%          3    None


Dungeon Overview and Level Annotations

Branches:
Dungeon (10/15)            Temple (1/1) D:5            Lair (2/8) D:10
    Orc (1/2) D:9

Altars:
Ashenzari
Cheibriados
Dithmenos
Elyvilon
Fedhas
Gozag
Hepliaklqana
Kikubaaqudgha
Makhleb
Nemelex Xobeh
Okawaru
Pakellas
Qazlal
Sif Muna
Trog
Ukayaw
Vehumet
Xom
Yredelemnul
Zin
The Shining One

Shops:
D:8 *

Annotations:
D:4 Natasha


Innate Abilities, Weirdness & Mutations

You heal slowly.
You have razor-sharp teeth.
You have supernaturally acute eyesight. (SInv)
You can survive without breathing.


Message History

You now have 3/21 mp.
You hit the wolf simulacrum. You hit the wolf simulacrum.
The wolf simulacrum bites you. The wolf simulacrum freezes you.
You take 7 damage, and have 59/89 hp.
You strike the helpless wolf simulacrum from behind!
You perforate the wolf simulacrum like a sieve!!!
The wolf simulacrum vapourises!
Unknown command.
You catch the helpless wolf simulacrum completely off-guard!
You skewer the wolf simulacrum like a kebab!!!
The wolf simulacrum vapourises!
There is an ice choked empty arch of ancient stone here.
You hit the death yak simulacrum but do no damage.
You hit the death yak simulacrum but do no damage.
You bite the death yak simulacrum.
You hit the death yak simulacrum but do no damage.
You hit the death yak simulacrum but do no damage.
The death yak simulacrum gores you!! The death yak simulacrum freezes you!!!
You die...

, ≈ ≈* *** *
* ≈ ≈ ≈ *** ≈
* ≈ ≈≈ ####**
* * ##..## ,
*, ###....##
, ,
...##.......#
#.....§.@Z∩.#
, ,
##..........#
,
##..##....##
###*##..## *
####


You could see a death yak simulacrum (confused).

Vanquished Creatures
  A hydra (Lair:1)
  The ghost of tstbtto the Cleaver, a novice MiCK of Ru (D:10)
  An unseen horror (D:10)
  A hill giant (D:10)
  An ugly thing (D:8)
  A black mamba (Lair:1)
  6 spiny frogs (Lair:1)
  A troll (D:9)
  Grinder (D:3)
  5 blink frogs
  Sigmund (D:3)
  A shadow (D:9)
  The ghost of tstbtto the Skirmisher, an amateur MiCK of Xom (D:3)
  15 yaks (Lair:1)
  A basilisk (Lair:1)
  2 hippogriffs
  A warg (D:9)
  Edmund (D:4)
  3 water moccasins
  6 porcupines
  5 orc warriors
  2 ice beasts
  3 sky beasts
  6 wolves (Lair:2)
  4 ogres
  A centaur (D:10)
  7 crocodiles (Lair:1)
  A big kobold (D:9)
  4 giant frogs
  2 scorpions
  A water moccasin skeleton (D:7)
  An elephant simulacrum (IceCv)
  3 wights (D:9)
  9 killer bees
  2 howler monkeys
  An electric eel (Lair:1)
  2 crimson imps
  2 giant frog zombies
  A quasit (D:5)
  2 giant frog skeletons
  13 orc wizards
  3 orc priests
  2 hounds
  2 centaur skeletons
  2 hell rats (D:10)
  9 iguanas
  9 worker ants
  Natasha (D:4)
  2 wolf simulacra (IceCv)
  8 sheep (Lair:2)
  A killer bee zombie (D:10)
  2 hound zombies
  A howler monkey zombie (D:7)
  Robin (D:4)
  9 adders
  4 river rats
  2 shadow imps (D:9)
  12 white imps
  An ooze (D:2)
  3 adder skeletons (D:4)
  3 worms
  7 dart slugs
  4 giant geckos
  45 orcs
  9 bats
  6 giant cockroaches
  4 hobgoblins (D:2)
  13 jackals
  8 kobolds
  6 quokkas
  2 ball pythons
  2 giant gecko skeletons
  6 giant newts
  19 goblins
  A quokka skeleton (D:6)
  10 rats
  A plant (Lair:1)
343 creatures vanquished.

Vanquished Creatures (others)
  A fungus (Lair:1)
1 creature vanquished.

Grand Total: 344 creatures vanquished

Notes
Turn   | Place    | Note
--------------------------------------------------------------
     0 | D:1      | mistymad the Vampire Enchanter began the quest for the Orb.
     0 | D:1      | Reached XP level 1. HP: 13/13 MP: 3/3
   281 | D:1      | Reached XP level 2. HP: 19/19 MP: 5/5
   484 | D:1      | Learned a level 2 spell: Ensorcelled Hibernation
   650 | D:1      | Reached XP level 3. HP: 24/25 MP: 6/6
   968 | D:2      | Found a shadowy altar of Dithmenos.
  1051 | D:2      | Reached skill level 1 in Fighting
  1053 | D:2      | Found a hazy altar of Hepliaklqana.
  1054 | D:2      | Found a burning altar of Makhleb.
  1359 | D:2      | Reached skill level 5 in Stealth
  1359 | D:2      | Reached XP level 4. HP: 32/32 MP: 7/7
  1393 | D:2      | Found a snail-covered altar of Cheibriados.
  1677 | D:3      | Noticed Sigmund
  1825 | D:3      | Learned a level 3 spell: Confuse
  1856 | D:3      | HP: 1/32 [Sigmund/scythe of distortion (5)]
  1860 | D:3      | Killed Sigmund
  1860 | D:3      | Reached skill level 5 in Hexes
  1860 | D:3      | Reached XP level 5. HP: 7/38 MP: 4/9
  2401 | D:3      | Reached XP level 6. HP: 33/45 MP: 2/10
  2671 | D:3      | Noticed tstbtto's ghost (amateur MiCK)
  2760 | D:3      | Noticed Grinder
  2789 | D:3      | Killed Grinder
  2789 | D:3      | Reached skill level 6 in Stealth
  3067 | D:3      | Reached XP level 7. HP: 48/52 MP: 6/11
  3519 | D:3      | Killed tstbtto's ghost
  3830 | D:4      | Noticed Robin
  3867 | D:4      | Killed Robin
  4218 | D:4      | Reached skill level 7 in Stealth
  4833 | D:4      | Noticed Edmund
  4861 | D:4      | Killed Edmund
  4861 | D:4      | Reached XP level 8. HP: 31/60 MP: 9/13
  5031 | D:4      | Noticed Natasha
  5055 | D:4      | Killed Natasha
  5192 | D:4      | Noticed Natasha
  5192 | D:5      | Entered Level 5 of the Dungeon
  5192 | D:5      | Found a staircase to the Ecumenical Temple.
  5211 | Temple   | Entered the Ecumenical Temple
  5328 | Temple   | Became a worshipper of Ashenzari the Shackled
  5841 | D:5      | Got the uncursed robe of Vost {rC- MR+++ Int+4 Dex+4}
  5866 | D:5      | Identified the +2 robe of Vost {rC- MR+++ Int+4 Dex+4} (You found it on level 5 of the Dungeon)
  6040 | D:5      | Reached skill level 5 in Fighting
  6164 | D:6      | Reached skill level 8 in Stealth
  6543 | D:7      | Reached skill level 5 in Dodging
  6797 | D:7      | Reached XP level 9. HP: 66/68 MP: 11/15
  6802 | D:7      | Learned a level 3 spell: Tukima's Dance
  6806 | D:7      | Learned a level 3 spell: Dazzling Spray
  6844 | D:7      | Found a bloodstained altar of Trog.
  6872 | D:7      | Reached skill level 5 in Short Blades
  7091 | D:7      | Reached * piety under Ashenzari
  7330 | D:8      | Noticed a purple ugly thing
  7335 | D:8      | Killed a purple ugly thing
  7393 | D:8      | Reached skill level 9 in Stealth
  7749 | D:8      | Reached skill level 5 in Spellcasting
  7838 | D:8      | Found Hotuisot's General Store.
  7848 | D:8      | Bought a +2 pair of boots for 198 gold pieces
  8134 | D:9      | Found an oddly glowing altar of Pakellas.
  8213 | D:9      | Found a bloodstained altar of Trog.
  8659 | D:9      | Reached XP level 10. HP: 77/77 MP: 14/18
  9079 | D:9      | Found a radiant altar of Vehumet.
  9118 | D:9      | Found a staircase to the Orcish Mines.
  9259 | D:9      | Found a glowing silver altar of Zin.
  9268 | D:9      | Found a stormy altar of Qazlal.
  9639 | Orc:1    | Entered Level 1 of the Orcish Mines
 10171 | D:10     | Entered Level 10 of the Dungeon
 10227 | D:10     | Found a staircase to the Lair.
 10251 | D:10     | Noticed tstbtto's ghost (novice MiCK)
 10278 | D:10     | Killed tstbtto's ghost
 10278 | D:10     | Reached skill level 10 in Stealth
 10278 | D:10     | Reached skill level 10 in Hexes
 10751 | D:10     | Noticed an unseen horror
 10755 | D:10     | Killed an unseen horror
 10948 | D:10     | Noticed a hill giant
 10955 | D:10     | Killed a hill giant
 11061 | Lair:1   | Entered Level 1 of the Lair of Beasts
 11090 | Lair:1   | Reached ** piety under Ashenzari
 11110 | Lair:1   | Noticed a black mamba
 11117 | Lair:1   | Killed a black mamba
 11117 | Lair:1   | Reached XP level 11. HP: 86/86 MP: 20/20
 11341 | Lair:1   | Reached skill level 11 in Stealth
 11354 | Lair:1   | Noticed a six-headed hydra
 11378 | Lair:1   | Killed a six-headed hydra
 13323 | Lair:2   | Reached skill level 12 in Stealth
 13372 | Lair:2   | Found a frozen archway.
 13774 | IceCv    | Entered an ice cave
 13800 | IceCv    | Slain by a death yak simulacrum

Vault maps used:
D:1:      co_arrival_hexagon_in_a_hexagon
D:2:      nicolae_overflow_hidden_temple, lemuel_doored_altar,
          grunt_temple_overflow_open, first_bread
D:3:      uniq_grinder, uniq_sigmund
D:4:      uniq_edmund, uniq_robin, uniq_natasha
D:5:      minmay_temple_entry_purple_smoke, hangedman_abyss_or_decor_stabs,
          corexii_shack
D:7:      basic_altar, grunt_ogre_cave
D:8:      serial_shops, shop
D:9:      old_standard_altar, old_standard_altar, vehumet_altar_wand_db,
          amethyst_overflow_temple_binary, orc_0_dummy
D:10:     dpeg_lair_monsters
Temple:   triangle_lava_temple_12
Lair:1:   infiniplex_staircase_pool_2, lemuel_fruit_tree, serial_bayou_shore_a,
          grunt_megastairs_2, serial_bayou_shore_b
Lair:2:   portal_ice_cave_entry_imps, grunt_megastairs_4, uniq_erica
Orc:1:    serial_shops, nicolae_shop_trees
IceCv:    ice_cave_small_necro

Skill      XL: |  1  2  3  4  5  6  7  8  9 10 11 |
---------------+----------------------------------+-----
Fighting       | 1 2 3 4 5 6 8 9 |  9.6
Short Blades   | 2 3 4 6 7 8 |  8.3
Stealth        | 5 6 7 8 9 10 12 | 12.1
Dodging        | 3 4 5 6 7 8 |  8.2
Hexes          | 5 6 7 9 10 11 | 11.6
Spellcasting   | 3 4 5 6 |  6.9

Action                   |  1- 3 |  4- 6 |  7- 9 | 10-12 || total
-------------------------+-------+-------+-------+-------++-------
Melee: Dagger            |   123 |   143 |   586 |   572 ||  1424
       Bite              |     9 |    13 |    59 |    75 ||   156
 Cast: Corona            |     3 |       |       |       ||     3
       Ensorcelled Hiber |     8 |     4 |     1 |     4 ||    17
       Confuse           |       |    12 |    54 |    98 ||   164
Invok: Curse Item        |       |       |     1 |       ||     1
  Use: Potion            |       |     2 |    14 |    12 ||    28
 Stab: Sleeping          |    16 |    10 |    36 |    18 ||    80
       Confused          |       |     7 |    26 |    61 ||    94
       Invisible         |       |       |     2 |       ||     2
       Distracted        |       |       |       |     2 ||     2
Armor: Robe              |    32 |    23 |   104 |    64 ||   223
Dodge: Dodged            |    73 |    96 |   321 |   266 ||   756
